 Dungeon Crawl Stone Soup version 0.23.0 (webtiles) character file.

Game seed: 15734286230718364084

368272 PorkyPies the Brawler (level 21, -29/178 HPs)
             Began as a Troll Monk on Feb 10, 2019.
             Was the Champion of Hepliaklqana.
             Killed from afar by a spark wasp (35 damage)
             ... with a living lightning
             ... on level 2 of the Depths.
             The game lasted 03:27:02 (47662 turns).

PorkyPies the Brawler (Troll Monk)                 Turns: 47662, Time: 03:27:03

Health: -29/178    AC: 23    Str: 27    XL:     21   Next: 64%
Magic:  42/42      EV:  9    Int: 17    God:    Hepliaklqana [******]
Gold:   2607       SH: 24    Dex: 12    Spells: 29/39 levels left

rFire    . . .     SeeInvis +     - Unarmed
rCold    + + .     Gourm    +   e - +0 large shield
rNeg     . . .     Faith    .   M - +0 ice dragon scales
rPois    +         Spirit   .   O - +2 hat
rElec    .         Reflect  +   n - +2 cloak (curse)
rCorr    .         Harm     .   (gloves unavailable)
MR       +....     Clarity  +   (boots unavailable)
Stlth    ..........             N - +3 amulet of reflection
HPRegen  0.79/turn              t - ring "Nueklon" {rPois rF+ MP+9 Int+6}
MPRegen  0.28/turn              V - ring of see invisible

@: no status effects
A: large, unfitting armour, reduced essence, claws 3, clarity, fast metabolism
3, gourmand, mutation resistance 1, regeneration 1, shaggy fur 1, tough skin 3,
subdued magic 1
}: 2/15 runes: decaying, gossamer
a: Recall Ancestor, Ancestor Identity, Transference, Idealise, Renounce Religion


You were on level 2 of the Depths.
You worshipped Hepliaklqana.
Hepliaklqana was exalted by your worship.
You were very full.

You visited 7 branches of the dungeon, and saw 37 of its levels.
You also visited: Volcano.

You collected 4357 gold pieces.
You spent 1750 gold pieces at shops.

Inventory:

Hand Weapons
 a - a +5 scimitar of flaming
Missiles
 d - 105 large rocks (quivered)
 I - 5 throwing nets
Armour
 e - a +0 large shield (worn)
 n - a cursed +2 cloak (worn)
 M - +0 ice dragon scales (worn)
 O - a +2 hat (worn)
 W - +1 acid dragon scales
Jewellery
 c - the cursed ring "Mirch" {rF+ rC- MR+ Int-2}
   (You found it in a volcano)

   [ring of intelligence]

   It affects your intelligence (-2).
   It protects you from fire.
   It makes you vulnerable to cold.
   It affects your resistance to hostile enchantments.
   It has a curse placed upon it.
 h - an uncursed ring of ice
 t - the ring "Nueklon" (left claw) {rPois rF+ MP+9 Int+6}
   (You bought it in a shop on level 4 of the Dungeon)

   [ring of protection from fire]

   It affects your intelligence (+6).
   It protects you from fire.
   It protects you from poison.
   It affects your magic capacity (+9).
 H - the ring of Noiwi {Wiz Int+2}
   (You bought it in a shop on level 4 of the Dungeon)

   [ring of wizardry]

   It improves your spell success rate.
   It affects your intelligence (+2).
 N - a +3 amulet of reflection (around neck)
 V - a ring of see invisible (right claw)
 Y - a +5 ring of evasion
Wands
 w - a wand of clouds (8)
 x - a wand of iceblast (34)
 y - a wand of flame (14)
 R - a wand of digging (4)
 Z - a wand of scattershot (6)
Scrolls
 g - 20 scrolls of remove curse
 p - 12 scrolls of teleportation
 u - a scroll of fear
 v - 7 scrolls of identify
 B - a scroll of summoning
 K - 3 scrolls of amnesia
 L - 2 scrolls of enchant weapon
 S - 4 scrolls of silence
 T - a scroll of magic mapping
 U - a scroll of enchant armour
 X - a scroll of fog
Potions
 f - 5 potions of ambrosia
 i - 2 potions of haste
 j - 2 potions of magic
 k - 8 potions of flight
 l - 8 potions of curing
 o - 7 potions of heal wounds
 s - 4 potions of agility
 z - 4 potions of cancellation
 A - 7 potions of mutation
 C - 3 potions of berserk rage
 D - 5 potions of might
 E - 2 potions of resistance
 F - 2 potions of invisibility
 G - 7 potions of brilliance
 P - 4 potions of lignification
Miscellaneous
 q - a box of beasts
 Q - a phial of floods
Comestibles
 b - 58 rations
 m - 19 chunks of flesh


   Skills:
 - Level 10.1 Fighting
 - Level 3.1 Long Blades
 * Level 11.5 Armour
 - Level 2.5 Dodging
 - Level 1.0 Stealth
 - Level 15.0 Shields
 - Level 20.0 Unarmed Combat
 * Level 9.6 Spellcasting
 - Level 4.1 Hexes
 - Level 2.7 Charms
 - Level 2.1 Necromancy
 * Level 10.1 Transmutations
 * Level 12.0 Earth Magic
 - Level 6.3 Invocations
 - Level 0.3 Evocations


You had 29 spell levels left.
You knew the following spells:

 Your Spells              Type           Power        Failure   Level  Hunger
a - Confusing Touch       Hex            ###...       2%          1    None
b - Statue Form           Tmut/Erth      #####....    26%         6    ######.
c - Regeneration          Chrm/Necr      ##........   17%         3    None

Your spell library contained the following spells:

 Spells                   Type           Power        Failure   Level  Hunger
 Beastly Appendage        Tmut           ####..       1%          1    None
 Passwall                 Tmut/Erth      #####...     1%          2    None
 Sticks to Snakes         Tmut           ####....     1%          2    None
 Petrify                  Tmut/Erth      #####...     1%          4    ###....
 Corona                   Hex            ###....      2%          1    None
 Lee's Rapid Deconstruct  Erth           #####.....   2%          5    #####..
 Stone Arrow              Conj/Erth      ###...       3%          3    None
 Infusion                 Chrm           ##..         4%          1    None
 Spider Form              Tmut/Pois      ###.......   5%          3    None
 Leda's Liquefaction      Hex/Erth       ####......   5%          4    ###....
 Animate Skeleton         Necr           N/A          6%          1    None
 Pain                     Necr           ##..         6%          1    None
 Blade Hands              Tmut           ####......   6%          5    #####..
 Song of Slaying          Chrm           ##......     8%          2    None
 Confuse                  Hex            ###.....     8%          3    None
 Tukima's Dance           Hex            ###.....     8%          3    None
 Corpse Rot               Necr           N/A          10%         2    None
 Ensorcelled Hibernation  Hex/Ice        ##....       10%         2    None
 Spectral Weapon          Hex/Chrm       ###.....     12%         3    None
 Shroud of Golubria       Chrm/Tloc      #.........   13%         2    None
 Swiftness                Chrm/Air       #.......     13%         2    None
 Apportation              Tloc           #.....       16%         1    None
 Freeze                   Ice            #...         16%         1    None
 Sting                    Conj/Pois      #...         16%         1    None
 Summon Small Mammal      Summ           #...         16%         1    None
 Vampiric Draining        Necr           ##........   19%         3    None
 Ice Form                 Ice/Tmut       ###.....     19%         4    ###....
 Dazzling Spray           Conj/Hex       ##....       21%         3    None
 Summon Guardian Golem    Hex/Summ       ##......     21%         3    None
 Yara's Violent Unravell  Hex/Tmut       ####......   22%         5    #####..
 Call Imp                 Summ           #.......     24%         2    None
 Poisonous Vapours        Pois/Air       #.....       24%         2    None
 Throw Frost              Conj/Ice       #.....       24%         2    None
 Borgnjor's Vile Clutch   Necr/Erth      ###.......   24%         5    #####..
 Ozocubu's Armour         Chrm/Ice       #.......     28%         3    None
 Cause Fear               Hex            ###.......   28%         4    ###....
 Hydra Form               Tmut           ####......   36%         6    ######.
 Call Canine Familiar     Summ           #.......     45%         3    None
 Conjure Flame            Conj/Fire      #.......     45%         3    None
 Gell's Gravitas          Tloc           #.........   45%         3    None
 Mephitic Cloud           Conj/Pois/Air  #.......     45%         3    None
 Recall                   Summ/Tloc      N/A          45%         3    None
 Irradiate                Conj/Tmut      ###.......   50%         5    #####..
 Animate Dead             Necr           N/A          54%         4    ###....
 Bolt of Magma            Conj/Fire/Erth ###.......   65%         5    #####..
 Olgreb's Toxic Radiance  Pois           #.......     86%         4    ###....
 Passage of Golubria      Tloc           N/A          86%         4    ###....
 Summon Ice Beast         Ice/Summ       #.......     86%         4    ###....
 Summon Lightning Spire   Summ/Air       #.......     86%         4    ###....
 Throw Icicle             Conj/Ice       #.......     86%         4    ###....
 Metabolic Englaciation   Hex/Ice        ##........   89%         5    #####..
 Silence                  Hex/Air        ##........   89%         5    #####..
 Iron Shot                Conj/Erth      ###.......   92%         6    ######.
 Dragon Form              Tmut           ####......   92%         7    #######
 Summon Forest            Summ/Tloc      #.........   99%         5    #####..
 Venom Bolt               Conj/Pois      #.........   99%         5    #####..
 Darkness                 Hex            ###.......   99%         6    ######.
 Invisibility             Hex            ###.....     99%         6    ######.
 Death Channel            Necr           ##........   100%        6    ######.
 Deflect Missiles         Chrm/Air       #.........   100%        6    ######.
 Freezing Cloud           Conj/Ice/Air   #.........   100%        6    ######.
 Simulacrum               Ice/Necr       #.........   100%        6    ######.
 Ring of Flames           Chrm/Fire      #.........   100%        7    #######
 Summon Hydra             Summ           #.........   100%        7    #######
 Discord                  Hex            ###.......   100%        8    #######
 Shatter                  Erth           #####.....   100%        9    #######


Dungeon Overview and Level Annotations

Branches:
Dungeon (15/15)            Temple (0/1) D:7            Lair (6/6) D:11
  Swamp (4/4) Lair:3       Spider (4/4) Lair:3        Slime (0/5) Lair:5
    Orc (2/2) D:12            Elf (0/3) Orc:2        Vaults (4/5) D:13
  Crypt (0/3) Vaults:3     Depths (2/5) D:15

Altars:
Cheibriados
Elyvilon
Fedhas
Gozag
Hepliaklqana
Kikubaaqudgha
Okawaru
Qazlal
Ru
Sif Muna
Uskayaw
Wu Jian
Xom
Yredelemnul
Zin
The Shining One
Beogh
Jiyva

Shops:
D:4 %=:*   D:11 ![:   Orc:2 [=}(   Vaults:1 *

Portals:
Hell: Depths:1
Abyss: Depths:2
Pandemonium: Depths:1
Ziggurat: Depths:2

Annotations:
D:9 exclusion: downstairs
D:10 exclusion: downstairs
Lair:2 1 runed translucent door, exclusion: downstairs, Suk Xiy's ghost, journeyman DrTm
Lair:4 1 runed translucent door, Borgoz's ghost, journeyman GrAK
Lair:5 1 runed translucent door
Spider:1 exclusion: downstairs
Orc:2 exclusion: upstairs
Vaults:1 3 runed translucent doors, exclusion: obsidian statue, Forgeling's ghost, adept FeEn
Vaults:2 exclusion: 2 downstairs


Innate Abilities, Weirdness & Mutations

You are too large for most types of armour.
You have claws for hands.
Your metabolism is lightning-fast.
You like to eat raw meat.
Your natural rate of healing is unusually fast.
You are covered in fur. (AC +1)
You have extremely tough skin. (AC +3)
Your life essence is reduced to manifest your ancestor. (-10% HP)
You possess an exceptional clarity of mind.
You are somewhat resistant to further mutation.
Your spells are a little easier to cast, but a little less powerful.


Message History

You mangle the fire giant!!
The fire giant is almost dead.
The spark wasp is engulfed in freezing vapours.
The fire giant is engulfed in freezing vapours.
The fire giant casts a spell at you.
The fireball explodes!
The fireball engulfs you!!!
* * * LOW HITPOINT WARNING * * *
The fireball engulfs the fire giant.
The fire giant resists.
The fire giant dies!
You hear a sizzling sound!
The spark wasp is engulfed in freezing vapours.
You kill the spark wasp!
Found a scroll of identify.
There is an open door, spattered with blood here.
Things that are here:
a +1 great sword of flaming; a spark wasp corpse A spark wasp comes into view.
The spark wasp bursts into living lightning!
The living lightning hits you!!
You die...

..(###.....#.....#
....#.....###....# )#..#
.#.........#..?...#
.#######.........#......#
.# #..#.........#......+
.. #.....###....#......#
...###.....#.....#.......
#.......#..#$[#.##.......
#.......#######.@#.......
#..###..#..# #..)○.○....
....#......#.....#§°○....
.# #..#..###....#..○...#
.## ####.........#......#
.#..#..#.........#.y....#
....#......#######......#
...###.....# ......#
#..........# #######


You could see a spark wasp.

Vanquished Creatures
  A golden dragon (Depths:2)
  Jory (Vaults:3)
  Arachne (Spider:2)
  A large abomination (Vaults:3)
  2 liches
  Asterion (Depths:2)
  An ancient champion (Vaults:3)
  Frances (Spider:1)
  A storm dragon (Vaults:4)
  Roxanne (D:15)
  5 thorn hunters
  A tengu reaver (Depths:2)
  6 fire giants
  4 deep elf sorcerers
  4 ghost moths (Spider:4)
  A frost giant (Depths:1)
  10 vault wardens
  2 emperor scorpions
  A war gargoyle (Vaults:1)
  11 stone giants
  15 ironheart preservers
  A vampire knight (Depths:1)
  12 very ugly things
  4 entropy weavers
  7 spark wasps
  A crystal guardian (Vaults:2)
  2 deep elf death magi
  2 jiangshi (Depths:1)
  A merfolk javelineer (Depths:1)
  4 ettins
  Snorg (Orc:1)
  8 fire dragons
  5 ogre magi
  5 vault guards
  3 great orbs of eyes
  22 hydras
  4 rakshasas
  7 yaktaur captains
  Harold (D:7)
  5 ice dragons
  A catoblepas (Lair:5)
  10 centaur warriors
  2 spriggan air magi
  4 death knights
  6 ghost crabs
  3 death yaks (D:10)
  Erica (Lair:2)
  8 alligators
  An alligator (shapeshifter) (Depths:1)
  16 two-headed ogres
  4 deep troll earth magi
  6 deep troll shamans
  5 tengu warriors
  A vampire mage (Depths:1)
  6 orc high priests (Orc:2)
  Sonja (Lair:1)
  A spriggan (Swamp:3)
  2 spriggan berserkers
  6 deep elf knights
  2 shadow wraiths
  2 fire crabs (shapeshifter)
  8 iron trolls
  13 deep trolls
  A glowing orange brain (Vaults:1)
  A storm dragon skeleton (Vaults:1)
  A spark wasp zombie (D:15)
  3 unseen horrors
  7 swamp dragons (Swamp:4)
  5 skeletal warriors
  5 wizards
  A spriggan druid (Swamp:4)
  11 ironbrand convokers
  2 deep elf archers
  13 orc knights
  A shadow demon (Depths:1)
  9 harpies
  A flayed ghost (Vaults:1)
  3 lindwurms
  A necromancer (D:15)
  3 phantasmal warriors
  17 orb spiders
  8 cyclopes
  20 deep elf magi
  2 manticores
  13 wolf spiders
  3 orc sorcerers
  30 ugly things
  14 elephants
  A moth of wrath (Spider:4)
  12 vault sentinels
  A guardian serpent (shapeshifter) (Vaults:1)
  4 black mambas
  An eye of devastation (D:14)
  A fire giant skeleton (Vaults:1)
  Maurice (D:12)
  4 molten gargoyles (Volcano)
  7 torpor snails
  A gargoyle (D:15)
  19 spiny frogs
  6 orange demons (D:10)
  4 freezing wraiths
  4 demonic crawlers
  A rime drake (Lair:4)
  24 yaktaurs
  2 efreet (Volcano)
  5 komodo dragons
  5 kobold demonologists
  A guardian mummy (D:15)
  A yaktaur (shapeshifter) (Vaults:1)
  A hellwing (Depths:1)
  4 red devils
  13 trolls
  10 polar bears
  A merfolk (shapeshifter) (Vaults:3)
  6 tyrant leeches
  20 jumping spiders
  15 hornets
  36 slime creatures
  8 dream sheep
  10 hippogriffs
  4 bog bodies
  A spriggan zombie (D:15)
  20 blink frogs
  3 raiju (Lair:6)
  An ice dragon zombie (D:15)
  A meliai zombie (D:13)
  Sigmund (D:4)
  54 redbacks
  2 shadows (Swamp:1)
  19 tarantellas
  2 spriggans (shapeshifter)
  2 hogs (D:8)
  8 wraiths
  4 water elementals (Depths:1)
  5 wyverns
  24 yaks
  A wyvern (shapeshifter) (Depths:2)
  A basilisk (D:11)
  3 humans
  A golden eye (shapeshifter) (Vaults:4)
  A hungry ghost (D:12)
  A chaos spawn (Depths:1)
  4 fire elementals
  18 vampire mosquitoes
  Menkaure (D:4)
  18 swamp worms
  8 wargs
  3 insubstantial wisps (Swamp:4)
  3 acid dragons
  6 porcupines
  16 hell hounds
  7 water moccasins
  13 swamp drakes
  14 black bears
  8 ice beasts
  A hornet zombie (D:15)
  39 orc warriors
  6 sky beasts
  An eye of draining (shapeshifter) (Vaults:1)
  3 phantoms
  20 ogres
  18 wolves
  An eye of draining (D:12)
  19 centaurs
  12 boggarts
  16 crocodiles
  A big kobold (D:15)
  14 bullfrogs
  A wyvern zombie (D:11)
  2 earth elementals (Volcano)
  A wyvern skeleton (D:14)
  A troll zombie (D:11)
  3 scorpions
  2 human simulacra
  3 killer bees (D:10)
  14 wights
  4 electric eels
  10 crimson imps
  3 bullfrog zombies
  A quasit (D:9)
  A centaur zombie (D:12)
  3 human zombies
  Crazy Yiuf (D:7)
  5 hounds
  25 orc priests
  2 jellies
  A bullfrog skeleton (D:12)
  9 centaur skeletons
  An iron imp (Depths:1)
  18 orc wizards
  4 hell rats (D:10)
  2 human skeletons
  7 iguanas
  10 worker ants
  An ogre zombie (D:11)
  A hound zombie (D:6)
  2 mummies (D:11)
  Robin (D:4)
  11 gnolls
  A worker ant zombie (D:7)
  A howler monkey zombie (D:5)
  14 adders
  A river rat (D:10)
  3 shadow imps
  2 ufetubi (Depths:1)
  An ooze (D:1)
  A worm (D:2)
  A dart slug (D:1)
  4 leopard geckos
  67 orcs
  7 bats
  2 giant cockroaches (D:2)
  11 goblins
  10 hobgoblins
  16 jackals
  10 kobolds
  10 quokkas
  6 frilled lizards
  A jackal skeleton (D:7)
  A leopard gecko skeleton (D:4)
  A quokka skeleton (D:7)
  A quokka zombie (D:7)
  4 rats
  4 briar patches
  A plant (Lair:6)
1439 creatures vanquished.

Vanquished Creatures (collateral kills)
  A frost giant (Depths:2)
  2 vault wardens
  A stone giant (Depths:2)
  Azrael (D:12)
  A deep elf annihilator (Vaults:4)
  A great orb of eyes (Depths:2)
  3 ogre magi
  6 hydras
  2 vault guards (D:13)
  A catoblepas (D:14)
  2 alligators
  A two-headed ogre (Vaults:2)
  A centaur warrior (Depths:2)
  A deep elf knight (Vaults:2)
  An iron troll (Depths:2)
  2 glowing orange brains
  An unseen horror (D:15)
  A swamp dragon (Swamp:4)
  3 deep trolls
  A deep elf archer (Vaults:4)
  A spriggan druid (Swamp:2)
  A harpy (Vaults:2)
  2 ironbrand convokers
  3 flayed ghosts
  A necromancer (Vaults:1)
  An orc sorcerer (Orc:1)
  3 deep elf magi
  An orc knight (Orc:2)
  5 ugly things
  4 elephants (Lair:6)
  A black mamba (Lair:5)
  3 spiny frogs
  3 vault sentinels
  5 yaktaurs
  3 komodo dragons
  3 demonic crawlers
  A troll (Orc:2)
  4 tyrant leeches
  2 polar bears
  2 hornets (Spider:4)
  A jumping spider (Spider:1)
  2 raiju (Lair:6)
  5 blink frogs
  2 bog bodies
  10 slime creatures
  2 hippogriffs
  A vampire (D:13)
  4 tarantellas
  2 wyverns
  A water elemental (Depths:1)
  2 hogs (D:8)
  9 redbacks
  A fire elemental (Volcano)
  4 yaks
  A wraith (D:11)
  A basilisk (Lair:4)
  A hungry ghost (D:11)
  2 neqoxecs (Depths:1)
  3 swamp worms
  An insubstantial wisp (Swamp:4)
  A warg (Orc:1)
  A hell hound (Lair:6)
  A water moccasin (Lair:1)
  An acid dragon (D:13)
  3 orc warriors
  A porcupine (Lair:2)
  A swamp drake (Swamp:3)
  A centaur (D:11)
  4 ogres
  A boggart (Depths:2)
  3 bullfrogs
  A water moccasin skeleton (D:7)
  A killer bee (D:10)
  2 howler monkeys
  An electric eel (Spider:4)
  A crimson imp (D:13)
  3 orc wizards
  2 centaur zombies
  2 orc priests (Orc:2)
  An adder (D:12)
  A shadow imp (D:15)
  An adder skeleton (D:9)
  25 orcs
  5 goblins (D:4)
  4 jackals
  A quokka (D:10)
  A frilled lizard (D:4)
  A kobold (D:15)
  A leopard gecko skeleton (D:7)
209 creatures vanquished.

Vanquished Creatures (others)
  A fire giant (Depths:2)
  2 stone giants
  A yaktaur captain (Depths:2)
  A centaur warrior (Vaults:2)
  An alligator (Swamp:2)
  A shadow wraith (Vaults:4)
  A swamp dragon (Swamp:4)
  An orc knight (Vaults:2)
  A harpy (Vaults:3)
  A cyclops (Vaults:2)
  3 yaktaurs
  6 slime creatures (Swamp:4)
  A swamp worm (Swamp:3)
  A boggart (Vaults:2)
  3 centaurs
  A bullfrog zombie (D:12)
  An orc wizard (Vaults:2)
  44 hexers
  5 briar patches
  3 fire vortices (Volcano)
  12 fungi
  14 plants
  6 withered plants
111 creatures vanquished.

Grand Total: 1759 creatures vanquished

Notes
Turn   | Place    | Note
-------+----------+-------------------------------------------
     0 | D:1      | PorkyPies the Troll Monk began the quest for the Orb.
     0 | D:1      | Reached XP level 1. HP: 22/22 MP: 0/0
   160 | D:1      | Reached XP level 2. HP: 24/29 MP: 1/1
   474 | D:1      | Reached XP level 3. HP: 36/36 MP: 2/2
   625 | D:2      | Reached skill level 1 in Shields
   722 | D:2      | Reached skill level 4 in Unarmed Combat
   722 | D:2      | Reached XP level 4. HP: 41/44 MP: 3/3
   872 | D:2      | Found a basalt altar of Yredelemnul.
  1249 | D:3      | Found an ornate altar of the Wu Jian Council.
  1264 | D:3      | Found a blossoming altar of Fedhas.
  1265 | D:3      | Found a stormy altar of Qazlal.
  1324 | D:3      | Found a sacrificial altar of Ru.
  1796 | D:3      | Found a hide-covered altar of Uskayaw.
  1877 | D:3      | Reached XP level 5. HP: 26/53 MP: 4/4
  2269 | D:3      | Found a hazy altar of Hepliaklqana.
  2482 | D:3      | Became a worshipper of Hepliaklqana the Forgotten
  2482 | D:3      | Reached * piety under Hepliaklqana
  2482 | D:3      | Reached ** piety under Hepliaklqana
  2483 | D:3      | Remembered your ancestor Ishtar-belessa as a hexer
  2509 | D:4      | Noticed Menkaure
  2511 | D:4      | Noticed Sigmund
  2515 | D:4      | Killed Menkaure
  2515 | D:4      | Reached skill level 5 in Unarmed Combat
  2515 | D:4      | Reached XP level 6. HP: 14/54 MP: 5/5
  3050 | D:4      | Killed Sigmund
  3050 | D:4      | Reached XP level 7. HP: 35/60 MP: 6/6
  3221 | D:4      | Noticed Robin
  3227 | D:4      | Killed Robin
  3280 | D:4      | Found Kett's Book Shop.
  3280 | D:4      | Found Onisch's Jewellery Boutique.
  3311 | D:4      | Reached skill level 6 in Unarmed Combat
  3458 | D:4      | Found Konecumu's Food Shoppe.
  3607 | D:4      | Found Riasycim's Assorted Antiques.
  3611 | D:4      | Bought a bound bone ring for 130 gold pieces
  3611 | D:4      | Identified the ring "Nueklon" {rPois rF+ MP+9 Int+6} (You
                  | bought it in a shop on level 4 of the Dungeon)
  3719 | D:5      | Entered Level 5 of the Dungeon
  4114 | D:5      | Reached *** piety under Hepliaklqana
  4307 | D:5      | Reached skill level 5 in Shields
  4307 | D:5      | Reached XP level 8. HP: 65/67 MP: 7/7
  4605 | D:6      | Reached skill level 7 in Unarmed Combat
  5193 | D:6      | Reached **** piety under Hepliaklqana
  5207 | D:6      | Found a snail-covered altar of Cheibriados.
  5384 | D:7      | Noticed Harold
  5413 | D:7      | Killed Harold
  5413 | D:7      | Reached skill level 8 in Unarmed Combat
  5413 | D:7      | Reached XP level 9. HP: 51/74 MP: 8/8
  5418 | D:7      | Reached skill level 9 in Unarmed Combat
  5791 | D:7      | Found a runed translucent door.
  5792 | D:7      | Noticed Crazy Yiuf
  5894 | D:7      | Found a white marble altar of Elyvilon.
  6030 | D:7      | Found an iron altar of Okawaru.
  6036 | D:7      | Reached skill level 10 in Unarmed Combat
  6102 | D:7      | Found a staircase to the Ecumenical Temple.
  6310 | D:7      | Killed Crazy Yiuf
  6560 | D:8      | Reached XP level 10. HP: 82/82 MP: 9/9
  6748 | D:8      | Found a deep blue altar of Sif Muna.
  7519 | D:9      | Noticed a two-headed ogre
  7529 | D:9      | Killed a two-headed ogre
  7529 | D:9      | Reached skill level 11 in Unarmed Combat
  7565 | D:9      | Found a glowing silver altar of Zin.
  7745 | D:10     | Entered Level 10 of the Dungeon
  7910 | D:4      | Bought a book of Cantrips for 280 gold pieces
  7912 | D:4      | Learned a level 1 spell: Confusing Touch
  8187 | D:10     | Gained mutation: You have sharp toenails. [potion of
                  | mutation]
  8187 | D:10     | Gained mutation: You are occasionally teleported next to
                  | monsters. [potion of mutation]
  8187 | D:10     | Gained mutation: You are partially covered in thin metallic
                  | scales. (AC +2) [potion of mutation]
  8187 | D:10     | Gained mutation: You passively map a small area around you.
                  | [potion of mutation]
  8188 | D:10     | Lost mutation: You have sharp toenails. [potion of
                  | mutation]
  8188 | D:10     | Lost mutation: You passively map a small area around you.
                  | [potion of mutation]
  8188 | D:10     | Gained mutation: You expend magic power (3 MP) to
                  | strengthen your wands. [potion of mutation]
  8188 | D:10     | Gained mutation: You are robust. (+10% HP) [potion of
                  | mutation]
  8189 | D:10     | Lost mutation: You are robust. (+10% HP) [potion of
                  | mutation]
  8189 | D:10     | Lost mutation: You expend magic power (3 MP) to strengthen
                  | your wands. [potion of mutation]
  8189 | D:10     | Lost mutation: You are occasionally teleported next to
                  | monsters. [potion of mutation]
  8189 | D:10     | Lost mutation: You are partially covered in thin metallic
                  | scales. (AC +2) [potion of mutation]
  8189 | D:10     | Gained mutation: You possess an exceptional clarity of
                  | mind. [potion of mutation]
  8189 | D:10     | Gained mutation: You are somewhat resistant to further
                  | mutation. [potion of mutation]
  8242 | D:10     | Noticed an orange demon
  8242 | D:10     | Noticed an orange demon
  8242 | D:10     | Noticed an orange demon
  8315 | D:10     | Reached skill level 1 in Hexes
  8420 | D:10     | Killed an orange demon
  8420 | D:10     | Reached skill level 1 in Spellcasting
  8434 | D:10     | Reached XP level 11. HP: 68/90 MP: 11/11
  8530 | D:10     | Reached skill level 1 in Armour
  8778 | D:10     | Reached skill level 10 in Shields
  9041 | D:11     | Noticed a death yak
  9045 | D:11     | Noticed a death yak
  9055 | D:10     | Killed a death yak
  9055 | D:10     | Reached skill level 12 in Unarmed Combat
  9173 | D:11     | Noticed a death yak
  9258 | D:10     | Killed a death yak
  9348 | D:10     | Killed a death yak
  9395 | D:11     | Found a staircase to the Lair.
  9438 | D:11     | Reached ***** piety under Hepliaklqana
  9514 | D:11     | Noticed a two-headed ogre
  9522 | D:11     | Killed a two-headed ogre
  9530 | D:11     | Noticed a seven-headed hydra
  9531 | D:11     | Noticed a four-headed hydra
  9641 | D:11     | Identified the ring of Rodghiz {rPois rF- Str+2 Stlth+}
  9661 | D:11     | Killed an unseen horror
  9960 | D:11     | Reached XP level 12. HP: 91/96 MP: 14/14
 10416 | D:11     | Found Utsuar's Distillery.
 10420 | D:11     | Found Naneasif's Assorted Antiques.
 10424 | D:11     | Found Cagifad's Armour Boutique.
 10610 | D:11     | Found an ancient bone altar of Kikubaaqudgha.
 10684 | D:11     | Found Luip's Book Shop.
 10849 | D:4      | Bought a +3 amulet of reflection for 172 gold pieces
 10998 | D:12     | Noticed Azrael
 11286 | D:12     | Noticed a tengu warrior
 11298 | D:12     | Killed a tengu warrior
 11313 | D:12     | Killed Azrael
 11313 | D:12     | Reached skill level 13 in Unarmed Combat
 11477 | D:12     | Noticed a two-headed ogre
 11493 | D:12     | Killed a two-headed ogre
 11515 | D:12     | Noticed a centaur warrior
 11528 | D:12     | Killed a centaur warrior
 11559 | D:12     | Noticed a two-headed ogre
 11568 | D:12     | Killed a two-headed ogre
 11722 | D:12     | Noticed Maurice
 11737 | D:12     | Killed Maurice
 11825 | D:12     | Found a staircase to the Orcish Mines.
 11957 | D:12     | Reached XP level 13. HP: 103/103 MP: 17/17
 12419 | D:13     | Found a gate to the Vaults.
 12439 | D:13     | Reached skill level 1 in Long Blades
 12959 | D:13     | Reached skill level 5 in Armour
 13161 | D:14     | Reached skill level 14 in Unarmed Combat
 13715 | D:14     | Noticed Nessos
 13716 | D:14     | Noticed Nessos
 13716 | D:14     | Nessos changed into Nessos the eye of devastation
 13729 | D:14     | Killed Nessos the eye of devastation
 13836 | D:14     | You fall through a shaft!
 13836 | D:15     | Entered Level 15 of the Dungeon
 13962 | D:15     | Noticed Roxanne
 13994 | D:15     | Reached XP level 14. HP: 110/111 MP: 18/18
 14296 | Lair:1   | Entered Level 1 of the Lair of Beasts
 14296 | Lair:1   | Noticed Sonja
 14303 | Lair:1   | Killed Sonja
 14446 | Lair:1   | Reached skill level 5 in Fighting
 14804 | Lair:1   | Reached ****** piety under Hepliaklqana
 15121 | Lair:2   | Found a runed translucent door.
 15122 | Lair:2   | Noticed Suk Xiy's ghost (journeyman DrTm)
 15144 | Lair:2   | Noticed Erica
 15152 | Lair:2   | Killed Erica
 15804 | Lair:3   | Reached skill level 15 in Unarmed Combat
 15989 | Lair:3   | Found a hole to the Spider Nest.
 16307 | Lair:3   | Found a staircase to the Swamp.
 16614 | Lair:4   | Found a glowing golden altar of the Shining One.
 16777 | Lair:4   | Found a runed translucent door.
 16781 | Lair:4   | Noticed Borgoz's ghost (journeyman GrAK)
 17879 | Lair:5   | Found a runed translucent door.
 17885 | Lair:5   | Found a viscous altar of Jiyva.
 17885 | Lair:5   | Noticed an azure jelly
 17907 | Lair:5   | Found a dark tunnel.
 17914 | Volcano  | Entered a volcano
 18081 | Volcano  | Reached XP level 15. HP: 106/122 MP: 19/19
 18186 | Volcano  | Got a vibrating turquoise ring
 18196 | Volcano  | Identified the cursed ring "Mirch" {rF+ rC- MR+ Int-2} (You
                  | found it in a volcano)
 18856 | Lair:5   | Found a staircase to the Slime Pits.
 18856 | Lair:5   | Noticed an azure jelly
 18944 | Lair:6   | Entered Level 6 of the Lair of Beasts
 19024 | Lair:6   | Reached skill level 1 in Invocations
 19569 | Lair:6   | Found a runed translucent door.
 19935 | Lair:6   | Reached skill level 15 in Shields
 19935 | Lair:6   | Reached skill level 16 in Unarmed Combat
 20795 | D:4      | Bought the ring of Noiwi {Wiz Int+2} for 453 gold pieces
 20928 | D:11     | Bought a book of the Earth for 715 gold pieces
 20935 | D:11     | Learned a level 6 spell: Statue Form
 21007 | Orc:1    | Entered Level 1 of the Orcish Mines
 21224 | Orc:2    | Entered Level 2 of the Orcish Mines
 21869 | Orc:2    | Found a staircase to the Elven Halls.
 21889 | Orc:2    | Reached skill level 1 in Earth Magic
 22019 | Orc:2    | Reached XP level 16. HP: 121/134 MP: 20/20
 22300 | Orc:2    | Reached skill level 1 in Transmutations
 22458 | Orc:2    | Found Sishrob's Jewellery Shop.
 22458 | Orc:2    | Found Gank's Armour Shop.
 22552 | Orc:2    | Found Iqaix's Gadget Boutique.
 22552 | Orc:2    | Found Cyschepp's Antique Weapon Shop.
 22758 | Orc:1    | Found a roughly hewn altar of Beogh.
 22877 | Orc:1    | Noticed Snorg
 22884 | Orc:1    | Killed Snorg
 23410 | D:14     | Got a sparkling granite ring
 23888 | D:15     | Found a staircase to the Depths.
 23906 | D:15     | Reached skill level 10 in Armour
 24056 | D:15     | Reached skill level 17 in Unarmed Combat
 24494 | D:15     | Identified the ring "Zillogu" {+Fly Int+6} (You found it on
                  | level 14 of the Dungeon)
 24514 | D:15     | Killed Roxanne
 24722 | Spider:1 | Entered Level 1 of the Spider Nest
 26090 | Spider:1 | You fall through a shaft!
 26557 | Spider:1 | Noticed Frances
 26576 | Spider:1 | Killed Frances
 27998 | Spider:2 | Noticed Arachne
 28021 | Spider:2 | Killed Arachne
 28021 | Spider:2 | Reached XP level 17. HP: 106/142 MP: 23/23
 28105 | Spider:2 | Learned a level 3 spell: Regeneration
 28834 | Spider:4 | Entered Level 4 of the Spider Nest
 29264 | Spider:4 | Reached skill level 1 in Necromancy
 29451 | Spider:4 | Reached skill level 1 in Charms
 29575 | Spider:4 | Reached skill level 18 in Unarmed Combat
 29586 | Spider:4 | Reached skill level 5 in Spellcasting
 30894 | Spider:4 | Got a gossamer rune of Zot
 31185 | Vaults:1 | Entered Level 1 of the Vaults
 31315 | Vaults:1 | Reached skill level 5 in Earth Magic
 31947 | Vaults:1 | Reached XP level 18. HP: 152/152 MP: 25/25
 32316 | Vaults:1 | Found a runed translucent gate.
 32328 | Vaults:1 | Found a runed translucent gate.
 32329 | Vaults:1 | Found a runed translucent gate.
 32330 | Vaults:1 | Found an opulent altar of Gozag.
 32330 | Vaults:1 | Noticed Forgeling's ghost (adept FeEn)
 32353 | Vaults:1 | Reached skill level 19 in Unarmed Combat
 32732 | Vaults:1 | Found Xilues's Assorted Antiques.
 33682 | Vaults:2 | Found a shimmering altar of Xom.
 34518 | Vaults:2 | Paralysed by an ogre mage for 4 turns
 35058 | Vaults:3 | Reached skill level 20 in Unarmed Combat
 35066 | Vaults:3 | Reached skill level 5 in Transmutations
 35610 | Vaults:3 | Reached XP level 19. HP: 127/161 MP: 27/27
 36379 | Vaults:3 | Noticed Jory
 36409 | Vaults:3 | Killed Jory
 36409 | Vaults:3 | Reached skill level 10 in Fighting
 36597 | Vaults:3 | Found a staircase to the Crypt.
 37453 | Vaults:4 | Reached skill level 5 in Invocations
 39241 | Swamp:1  | Entered Level 1 of the Swamp
 39397 | Swamp:1  | Reached XP level 20. HP: 171/171 MP: 30/30
 41974 | Swamp:4  | Entered Level 4 of the Swamp
 42305 | Swamp:4  | Reached skill level 10 in Earth Magic
 42984 | Swamp:4  | Got a decaying rune of Zot
 43885 | Depths:1 | Entered Level 1 of the Depths
 44170 | Depths:1 | Gained mutation: Your spells are a little easier to cast,
                  | but a little less powerful. [a shining eye]
 45308 | Depths:1 | Identified the cursed +0 war axe of Pestilence {pain, rPois
                  | rF++ Str-4 Int-3}
 45460 | Depths:1 | Found a gateway to Hell.
 45523 | Depths:1 | Found a one-way gate leading to the halls of Pandemonium.
 45749 | Depths:1 | Reached XP level 21. HP: 178/178 MP: 33/33
 46233 | Depths:2 | Found a gateway to a ziggurat.
 46838 | Depths:2 | Identified the cursed +1 morningstar "Puotheecs" {crush,
                  | *Noise rElec rN+ Str+2}
 46847 | Depths:2 | Noticed a golden dragon
 47221 | Depths:2 | Found a one-way gate to the infinite horrors of the Abyss.
 47243 | Depths:2 | Reached skill level 10 in Transmutations
 47353 | Depths:2 | Killed a golden dragon
 47577 | Depths:2 | Noticed Asterion
 47593 | Depths:2 | Killed Asterion
 47657 | Depths:2 | HP: 2/178 [fire giant/fireball (48)]
 47662 | Depths:2 | Killed from afar by a spark wasp

Skill      XL: |  1  2  3  4  5  6  7  8  9 10 11 12 13 14 15 16 17 18 19 20 21 |
---------------+----------------------------------------------------------------+-----
Shields        | 1 2 3 5 7 8 9 10 12 13 14 15 | 15.0
Unarmed Combat | 4 5 6 8 10 11 12 13 14 15 16 17 18 20 | 20.0
Fighting       | 3 4 6 7 8 9 10 | 10.1
Hexes          | 1 2 3 4 |  4.1
Spellcasting   | 1 2 3 4 5 6 7 9 |  9.6
Armour         | 3 6 8 9 10 11 | 11.5
Long Blades    | 2 3 |  3.1
Invocations    | 3 4 6 |  6.3
Earth Magic    | 1 3 5 7 9 11 12 | 12.0
Transmutations | 3 5 7 9 10 | 10.1
Necromancy     | 2 |  2.1
Charms         | 2 |  2.7
Dodging        | |  2.5
Stealth        | |  1.0
Evocations     | |  0.3

Action                   |  1- 3 |  4- 6 |  7- 9 | 10-12 | 13-15 | 16-18 | 19-21 || total
-------------------------+-------+-------+-------+-------+-------+-------+-------++-------
Melee: Unarmed           |    99 |   140 |   299 |   700 |  1418 |  1778 |  1410 ||  5844
       Scimitar          |       |       |       |       |    88 |    10 |    48 ||   146
Throw: Javelin           |       |       |       |       |     5 |     1 |       ||     6
       Large rock        |       |       |       |       |       |       |    34 ||    34
 Cast: Confusing Touch   |       |       |       |       |     3 |     9 |     2 ||    14
Invok: Ancestor Life: He |       |     1 |       |       |       |       |       ||     1
       Recall Ancestor   |       |       |       |     3 |     5 |     6 |     4 ||    18
       Idealise          |       |       |       |       |     1 |     1 |     1 ||     3
Evoke: Wand              |       |       |       |       |    10 |       |     4 ||    14
  Use: Scroll            |       |       |     6 |    12 |    11 |    14 |    10 ||    53
       Potion            |       |       |       |     3 |       |     4 |       ||     7
 Stab: Sleeping          |     5 |     3 |     7 |     4 |     2 |       |       ||    21
       Distracted        |       |       |     3 |     7 |    15 |     8 |    12 ||    45
       Confused          |       |       |       |     5 |    14 |    15 |    55 ||    89
       Paralysed         |       |       |       |       |    24 |    45 |    47 ||   116
  Eat: Chunk             |    12 |    20 |    34 |    50 |    92 |   120 |   110 ||   438
       Ration            |       |       |       |       |       |     1 |       ||     1
Armor: Robe              |    37 |    54 |    37 |    25 |       |       |       ||   153
       Troll leather arm |       |       |       |    87 |       |       |       ||    87
       Acid dragon scale |       |       |       |     3 |   319 |   361 |   199 ||   882
       Ice dragon scales |       |       |       |       |       |       |    79 ||    79
Dodge: Dodged            |    27 |    31 |    64 |   180 |   359 |   287 |   278 ||  1226
Block: Large shield      |    55 |    85 |   208 |   598 |  1364 |  1546 |  1015 ||  4871
       Reflection        |       |       |       |     9 |    27 |    82 |    87 ||   205
       Rpst.: Scimitar   |       |       |       |       |     3 |       |     5 ||     8
